 Dungeon Crawl Stone Soup version 0.30-a0-1002-ga41ad49a19 (webtiles) character file.

Game seed: 6276028061510376748

901 FlurksSlurper the Ducker (level 7, -3/52 HPs)
             Began as a Demonspawn Gladiator on Apr 5, 2023.
             Was a Follower of Okawaru.
             Slain by a kobold brigand
             ... wielding a +0 dagger
              (5 damage)
             ... on level 6 of the Dungeon.
             The game lasted 00:09:06 (4477 turns).

FlurksSlurper the Ducker (Demonspawn Gladiator)     Turns: 4477, Time: 00:09:09

Health: -3/52      AC: 12    Str: 12 (14) XL:     7   Next: 80%
Magic:  10/10      EV:  6    Int:  8 (10) God:    Okawaru [*.....]
Gold:   749        SH:  4    Dex: 15 (16) Spells: 10/10 levels left

rFire   + . .      SeeInvis .    m - +2 dagger (venom)
rCold   . . .      Faith    .    (no shield)
rNeg    . . .      Spirit   .    B - +2 chain mail {Will+}
rPois   .          Reflect  .    (helmet restricted)
rElec   .          Rampage  .    (no cloak)
rCorr   .                        (no gloves)
Will    +....                    e - +0 pair of boots Stlth
                                 (no amulet)
HPRegen 0.28/turn                v - ring of protection from fire
MPRegen 0.12/turn                (no ring)

@: invisible
A: antennae 1, large bone plates 1, powered by pain 2
a: Renounce Religion, Heroism


You were on level 6 of the Dungeon.
You worshipped Okawaru.
Okawaru was aware of your devotion.
You visited 2 branches of the dungeon, and saw 7 of its levels.

You collected 749 gold pieces.

Inventory:

Hand Weapons
 m - a +2 dagger of venom (weapon)
 z - a +1 heavy long sword
 C - a +0 halberd of venom
Missiles
 c - 3 throwing nets (quivered)
 d - 3 javelins
 q - 6 boomerangs
 y - 5 poisoned darts
Armour
 a - a +0 leather armour
 e - a +0 pair of boots (worn)
 f - an orb of energy
 B - a +2 chain mail of willpower (worn)
Jewellery
 v - a ring of protection from fire (left hand)
Wands
 b - a wand of iceblast (8)
 g - a wand of flame (12)
Scrolls
 h - 2 scrolls of teleportation
 i - a scroll of magic mapping
 j - a scroll of poison
 l - a scroll of immolation {unknown}
 p - 5 scrolls of identify {unknown}
 r - a scroll of blinking {unknown}
 s - a scroll of silence {unknown}
 u - a scroll of vulnerability {unknown}
 x - 2 scrolls of fog {unknown}
Potions
 k - a potion of resistance {unknown}
 n - a potion of attraction {unknown}
 o - a potion of curing {unknown}
 t - a potion of flight
 D - a potion of degeneration


   Skills:
 + Level 3.2 Fighting
 + Level 3.0 Short Blades
 + Level 2.0 Throwing
 + Level 3.2 Armour
 + Level 4.2 Dodging
 + Level 0.7 Stealth
 + Level 1.7 Shields
 + Level 3.5 Unarmed Combat
 + Level 2.0 Spellcasting
 * Level 2.4 Invocations
 * Level 1.7 Evocations


You had 10 spell levels left.
You didn't know any spells.
Your spell library contained the following spells:

 Spells                   Type           Power      Damage    Failure   Level
 Freeze                   Ice            0%         1d3       100%        1
 Slow                     Hex            0%         N/A       100%        1
 Confusing Touch          Hex            0%         N/A       100%        3
 Frozen Ramparts          Ice            0%         1d1       100%        3
 Hailstorm                Conj/Ice       0%         3d3       100%        3
 Vampiric Draining        Necr           0%         2d6       100%        3
 Cause Fear               Hex            0%         N/A       100%        4
 Dragon Form              Tmut           0%         N/A       100%        7
 Dragon's Call            Summ           Unusable   N/A       N/A         9

Dungeon Overview and Level Annotations

Branches:
Dungeon (6/15)             Temple (1/1) D:5

Altars:
Ashenzari
Cheibriados
Dithmenos
Gozag
Makhleb
Okawaru
Qazlal
Ru
Sif Muna
Trog
Uskayaw
Vehumet
Xom
Yredelemnul

Shops:
D:4 (


Innate Abilities, Weirdness & Mutations

You have a pair of small antennae on your head.
You are partially covered in large bone plates. (SH +4)
You sometimes gain power by taking damage.


Message History

The kobold brigand attacks as you move away!
The kobold brigand hits you with a +0 dagger!
* * * LOW HITPOINT WARNING * * *
Things that are here:
a +0 dagger; 2 stones The kobold brigand throws a poisoned dart.
The poisoned dart hits you.
You are poisoned.
Things that are here:
a +0 shortbow; a +0 dagger; a kobold corpse You feel sick.
The kobold brigand hits you but does no damage.
Things that are here:
a +0 dagger; 2 stones You closely miss the kobold brigand.
The kobold brigand is heavily wounded.
The kobold brigand hits you with a +0 dagger.
* * * LOW HITPOINT WARNING * * *
You closely miss the kobold brigand.
The kobold brigand is heavily wounded.
You feel sick.
The kobold brigand hits you with a +0 dagger.
* * * LOW HITPOINT WARNING * * *
It was a potion of degeneration.
There was something very wrong with that liquid.
You feel weakened.
You feel dopey.
You feel clumsy.
You feel sick.
The kobold brigand hits you with a +0 dagger.
* * * LOW HITPOINT WARNING * * *
Unknown command.
It was a potion of magic.
Magic courses through your body.
You feel sick.
The kobold brigand hits you but does no damage.
It was a potion of invisibility.
You fade into invisibility!
You feel sick.
You are no longer poisoned.
The kobold throws a stone.
The stone hits the kobold brigand but does no damage.
The kobold brigand hits you with a +0 dagger.
You die...

# #. .## .. #. .#
#.###### .#
#..)@KK######.#
######KK#.....#
#....{{.#.....## # #
#.$............#
...#.###.cl....#....#...#
#.....#.K#.####....# #.#
#...##.# #....# .
#KK.##.# ####.##
....###.# #..#


You could see a kobold brigand (unable to see you, poisoned) and 3 kobolds.

Vanquished Creatures
  2 water moccasins
  A sky beast (D:5)
  2 centaurs (D:6)
  A scorpion (D:5)
  A jelly (D:5)
  A gnoll bouda (D:6)
  2 iguanas (D:5)
  8 gnolls
  10 adders
  A shadow imp (D:5)
  An ufetubus (D:5)
  2 worms
  3 dart slugs
  3 orcs (D:4)
  A bat (D:2)
  8 endoplasms
  4 giant cockroaches
  6 goblins
  5 hobgoblins
  7 jackals (D:2)
  2 quokkas
  4 ball pythons
  2 frilled lizards
  8 kobolds
  12 rats
97 creatures vanquished.

Notes
Turn   | Place    | Note
-------+----------+-------------------------------------------
     0 | D:1      | FlurksSlurper the Demonspawn Gladiator began the quest for
                  | the Orb.
     0 | D:1      | Reached XP level 1. HP: 16/16 MP: 1/1
   305 | D:1      | Gained mutation: You sometimes gain a little power by
                  | taking damage. [demonic ancestry]
   305 | D:1      | Reached XP level 2. HP: 7/22 MP: 2/2
   683 | D:1      | Reached skill level 3 in Dodging
  1027 | D:2      | Reached XP level 3. HP: 20/27 MP: 3/3
  1079 | D:2      | Gained mutation: You sometimes gain power by taking damage.
                  | [demonic ancestry]
  1079 | D:2      | Reached XP level 4. HP: 23/34 MP: 4/4
  1251 | D:2      | Reached skill level 1 in Armour
  1517 | D:2      | Reached skill level 1 in Short Blades
  1736 | D:3      | Found a snail-covered altar of Cheibriados.
  1907 | D:3      | Gained mutation: You are partially covered in large bone
                  | plates. (SH +4) [demonic ancestry]
  1907 | D:3      | Reached XP level 5. HP: 27/39 MP: 5/5
  2424 | D:4      | Found Dussin's Weapon Shop.
  2781 | D:4      | Noticed a moth of wrath
  2784 | D:4      | Found a bloodstained altar of Trog.
  2891 | D:5      | Entered Level 5 of the Dungeon
  2947 | D:5      | Reached skill level 1 in Spellcasting
  2997 | D:5      | Noticed a water moccasin
  3149 | D:4      | Identified a scroll of acquirement
  3149 | D:4      | Acquired 381 gold pieces
  3173 | D:4      | Killed a water moccasin
  3174 | D:4      | Gained mutation: You have a pair of small antennae on your
                  | head. [demonic ancestry]
  3174 | D:4      | Reached XP level 6. HP: 39/46 MP: 6/8
  3201 | D:5      | Found a staircase to the Ecumenical Temple.
  3209 | D:5      | Noticed a sky beast
  3225 | D:5      | Killed a sky beast
  3541 | Temple   | Entered the Ecumenical Temple
  3664 | Temple   | Became a worshipper of Warmaster Okawaru
  3733 | D:5      | Reached skill level 4 in Dodging
  3882 | D:5      | Reached XP level 7. HP: 52/52 MP: 8/10
  4004 | D:5      | Found a basalt altar of Yredelemnul.
  4018 | D:5      | Reached skill level 1 in Shields
  4021 | D:5      | Found a sacrificial altar of Ru.
  4021 | D:5      | Found a radiant altar of Vehumet.
  4026 | D:5      | Found a shimmering altar of Xom.
  4136 | D:6      | Reached skill level 1 in Invocations
  4179 | D:6      | Reached skill level 1 in Evocations
  4466 | D:6      | Reached * piety under Okawaru
  4477 | D:6      | HP: 2/52 [poisoned by a kobold brigand]
  4477 | D:6      | Slain by a kobold brigand

Illustrated notes

Levels and vault maps discovered:
D:1:      dpeg_arrival_prison, layout_basic
D:2:      layout_rooms, basic_altar, chequers_jeans, minmay_pentomino_q4
D:3:      minmay_skewed_foursquare, layout_basic, cheibrodos_worm_habitat,
          nicolae_elyvilon_temple_path
D:4:      layout_rooms, tgw_trog, serial_shops,
          nicolae_shop_bloodbath_and_beyond
D:5:      layout_rooms, minitemple, temple_pool_b, st_stairs_7
D:6:      layout_rooms, corexii_corridor_pit, minmay_manual_mares,
          uniq_eustachio
Temple:   hellmonk_temple_flake

Skill      XL: |  1  2  3  4  5  6  7 |
---------------+----------------------+-----
Unarmed Combat | 3 |  3.5
Dodging        | 3 4 |  4.2
Throwing       | 2 |  2.0
Armour         | 1 2 3 |  3.2
Short Blades   | 1 2 3 |  3.0
Spellcasting   | 1 2 |  2.0
Fighting       | 3 |  3.2
Shields        | 1 |  1.7
Invocations    | 2 |  2.4
Evocations     | 1 |  1.7
Stealth        | |  0.7

Action                     |  1- 3 |  4- 6 |  7- 9 || total
---------------------------+-------+-------+-------++-------
  Melee: Unarmed           |    39 |       |       ||    39
         Dagger            |    57 |   182 |    89 ||   328
         Punch             |     1 |    11 |     2 ||    14
    Use: Potion            |     1 |     2 |     3 ||     6
         Scroll            |       |     5 |       ||     5
 Armour: Leather armour    |    31 |    33 |       ||    64
         Chain mail        |       |       |    46 ||    46
  Dodge: Dodged            |    88 |   115 |    42 ||   245
  Block: Other             |       |    21 |    23 ||    44

Table legend: (Time is in decaauts)
 A = Elapsed time spent in this place.
 B = Non-inter-level travel time spent in this place.
 C = Inter-level travel time spent in this place.
 D = Time resting spent in this place.
 E = Time spent auto-exploring this place.
 F = Levels seen in this place.
 G = Mean time per level.
                   A        B        C        D        E       F      G
               +--------+--------+--------+--------+--------+-----+--------+
         Total |   4458 |   4193 |    265 |    247 |   2904 |   7 |  636.9 |
       Dungeon |   4321 |   4057 |    264 |    247 |   2799 |   6 |  720.2 |
        Temple |    136 |    136 |      0 |      0 |    105 |   1 |  136.0 |
               +--------+--------+--------+--------+--------+-----+--------+

Top non-repeatable levels by time:
     D:5: 1043 daAuts
     D:1: 1000 daAuts
     D:3: 727 daAuts
     D:2: 671 daAuts
     D:4: 537 daAuts
     D:6: 341 daAuts
  Temple: 136 daAuts
